 Dungeon Crawl Stone Soup version 0.30-b1-2-g02819fbbbe (webtiles) character file.

Game seed: 17567400957047343294

23 redmage the Digger (level 3, -3/26 HPs)
             Began as a Meteoran Earth Elementalist on July 27, 2023.
             Slain by Menkaure (23 damage)
             ... on level 4 of the Dungeon.
             The game lasted 00:02:20 (213 turns).

redmage the Digger (Meteoran Earth Elementalist)     Turns: 213, Time: 00:02:20

Health: -3/26      AC:  2    Str: 10    XL:     3   Next: 26%
Magic:  6/8        EV: 12    Int: 18    God:
Gold:   26         SH:  0    Dex: 14    Spells: 2/8 levels left

rFire   . . .        (no weapon)
rCold   . . .        (no shield)
rNeg    . . .        a - +0 robe
rPois   .            (no helmet)
rElec   .            (no cloak)
rCorr   .            (no gloves)
SInv    .            (no boots)
Will    .....        (no amulet)
Stlth   +            (no ring)
HPRegen 0.24/turn    (no ring)
MPRegen 0.11/turn

%: no passive effects
@: glowing
A: sense surroundings 1, otherworldly, glowing, explore regen
a: no special abilities


You were on level 4 of the Dungeon.
You visited 1 branch of the dungeon, and saw 5 of its levels.

You collected 26 gold pieces.

Inventory:

Armour
 a - a +0 robe (worn)
Jewellery
 c - a ring of fire
Scrolls
 e - a scroll of identify {unknown}
Potions
 b - a potion of magic
 d - a potion of mutation {unknown}
 f - a potion of resistance {unknown}


   Skills:
 - Level 2.4 Dodging
 - Level 1.4 Stealth
 + Level 3.1 Spellcasting
 + Level 1.9 Transmutations
 * Level 4.3 Earth Magic


You had 2 spell levels left.
You knew the following spells:

 Your Spells              Type           Power      Damage    Failure   Level
a - Sandblast             Erth           36%        2d10      2%          1
b - Passwall              Tmut/Erth      11%        N/A       7%          2
c - Stone Arrow           Conj/Erth      20%        3d8       21%         3

Your spell library contained the following spells:

 Spells                   Type           Power      Damage    Failure   Level
 Petrify                  Tmut/Erth      14%        N/A       41%         4


Dungeon Overview and Level Annotations

Branches:
Dungeon (5/15) Zot: 2779
 Temple: D:4-7

Altars:

Annotations:
D:4 Menkaure


Innate Abilities, Weirdness & Mutations

You passively map a small area around you.
You are easily found by Zot.
You glow in the dark.
You regain HP and MP as you explore.


Message History

Casting: Sandblast (safe; 2% risk of failure)
Confirm with . or Enter, or press ? or * to list all spells.
You can't see any susceptible monsters within range! (Use Z to cast anyway.) Unknown command.
Unknown command.
You see here a quokka corpse.
f - a smoky cyan potion
Casting: Sandblast (safe; 2% risk of failure)
Confirm with . or Enter, or press ? or * to list all spells.
Aiming: Sandblast (safe; 2% risk of failure)
Press: ? - help, Shift-Dir - straight line, f - endoplasm
Aim: an endoplasm (98% to hit)
The blast of sand hits the endoplasm!
You kill the endoplasm!
Unknown command.
Found a war axe and a runed whip.
Menkaure, Prince of Dust comes into view.
Menkaure shouts!
Menkaure casts a spell.
Menkaure seems to speed up.
You start waiting.
Menkaure is nearby!
Casting: Sandblast (safe; 2% risk of failure)
Confirm with . or Enter, or press ? or * to list all spells.
Aiming: Sandblast (safe; 2% risk of failure)
Press: ? - help, Shift-Dir - straight line, f - Menkaure
Aim: Menkaure (fast, 91% to hit)
The blast of sand hits Menkaure!
Menkaure is moderately damaged.
Unknown command.
Casting: Sandblast (safe; 2% risk of failure)
Confirm with . or Enter, or press ? or * to list all spells.
Aiming: Sandblast (safe; 2% risk of failure)
Press: ? - help, Shift-Dir - straight line, f/p - Menkaure
Aim: Menkaure (moderately damaged, fast, 91% to hit)
The blast of sand hits Menkaure.
Menkaure is heavily damaged.
Menkaure hits you. Menkaure hits you!!
Ouch! That really hurt!
You die...

#..........#
#......^...#
#..........#
#..........#
#####[.......########
.............###....#
####..........##....#
..............†...#
##..........##@...#
#..........##M.<.#
####..........##....#
...##............####
...#*#........####
...# #.......# ...#
#.......# ...#
#).M....# ####
*#.......#


You could see Menkaure (fast).

Vanquished Creatures
  An adder (D:3)
  An ufetubus (D:4)
  2 orcs (D:3)
  An endoplasm (D:4)
  A quokka (D:4)
  A frilled lizard (D:2)
7 creatures vanquished.

Notes
Turn   | Place    | Note
-------+----------+-------------------------------------------
     0 | D:1      | redmage the Meteoran Earth Elementalist began the quest for
                  | the Orb.
     0 | D:1      | Reached XP level 1. HP: 14/14 MP: 5/5
    52 | D:3      | Reached skill level 4 in Earth Magic
    52 | D:3      | Reached XP level 2. HP: 20/20 MP: 3/6
   115 | D:5      | Entered Level 5 of the Dungeon
   115 | D:5      | Noticed a howler monkey
   131 | D:4      | Learned a level 2 spell: Passwall
   174 | D:4      | Reached XP level 3. HP: 21/26 MP: 4/8
   178 | D:4      | Learned a level 3 spell: Stone Arrow
   202 | D:4      | Noticed Menkaure
   213 | D:4      | Slain by Menkaure

Illustrated notes

Levels and vault maps discovered:
D:1:      dpeg_arrival_simpleton_b, layout_basic,
          chequers_ecumenical_altar_twisty
D:2:      minmay_alternating_diamond, layout_loops_corners
D:3:      layout_loops_ring
D:4:      layout_rooms, uniq_sigmund, uniq_menkaure
D:5:      layout_rooms

Skill      XL: |  1  2 |
---------------+-------+-----
Earth Magic    | 4 |  4.3
Spellcasting   | 3 |  3.1
Dodging        | |  2.4
Stealth        | |  1.4
Transmutations | |  1.9

Action                     || total
---------------------------++-------
   Cast: Sandblast         ||    13
    Use: Scroll            ||     1
 Armour: Robe              ||     1
  Dodge: Dodged            ||     5
